 Dungeon Sprint DCSS version 0.21.0 (webtiles) character file.

1274 wojtek the Basher (level 8, -1/118 (120) HPs)
             Began as a Minotaur Berserker on Jan 7, 2018.
             Was an Elder of Trog.
             Slain by a tyrant leech (26 damage)
             ... in the Dungeon (Sprint II: "The Violet Keep of Menkaure").
             The game lasted 00:00:53 (375 turns).

wojtek the Basher (Minotaur Berserker)               Turns: 375, Time: 00:00:54

HP:   -1/118 (120)  AC:  2    Str: 29    XL:     8   Next: 28%
MP:   7/7           EV: 16    Int:  4    God:    Trog [****..]
Gold: 729           SH:  0    Dex: 10    Spells: 7/7 levels left

rFire    . . .     SeeInvis .   a - +0 mace
rCold    . . .     Gourm    .   (no shield)
rNeg     . . .     Faith    .   b - +0 animal skin
rPois    .         Spirit   .   (helmet restricted)
rElec    .         Reflect  .   (no cloak)
rCorr    .         Harm     .   (no gloves)
MR       .....     NoTele   +   (no boots)
Stlth    ..........             (no amulet)
HPRegen  0.29/turn              (no ring)
MPRegen  0.10/turn              (no ring)

@: berserking, very quick
A: retaliatory headbutt, horns 2
a: Berserk, Trog's Hand, Brothers in Arms, Burn Spellbooks, Renounce Religion


You were in the Dungeon.
You worshipped Trog.
Trog was greatly pleased with you.
You were near starving.

You visited 1 branch You collected 729 gold pieces.

Inventory:

Hand Weapons
 a - a +0 mace (weapon)
Armour
 b - a +0 animal skin (worn)
Scrolls
 i - a scroll of blinking
Potions
 d - a potion of curing
 e - a potion of heal wounds
 f - a potion of haste
 g - 2 potions of magic
 h - a potion of berserk rage
Comestibles
 c - a ration


   Skills:
 + Level 10.5 Fighting
 * Level 13.8 Maces & Flails
 + Level 10.1 Armour
 + Level 9.3 Dodging


You had 7 spell levels left.
You didn't know any spells.

Dungeon Overview and Level Annotations

Branches:
Dungeon (1/1)

Altars:

Shops:
D }[=:=?[[[![


Innate Abilities, Weirdness & Mutations

You reflexively headbutt those who attack you in melee.
You have a pair of horns on your head.


Message History

The tyrant leech is moderately wounded.
The tyrant leech bites you.
The tyrant leech draws strength from your injuries!
You miss the tyrant leech.
The tyrant leech is moderately wounded.
You sock the tyrant leech!
The tyrant leech is heavily wounded.
You barely miss the tyrant leech.
The tyrant leech is heavily wounded.
The tyrant leech bites you!!
* * * LOW HITPOINT WARNING * * *
The tyrant leech draws strength from your injuries!
You closely miss the tyrant leech. Your headbutt misses the tyrant leech.
The tyrant leech is moderately wounded.
You hit the tyrant leech.
The tyrant leech is moderately wounded.
You hit the tyrant leech.
The tyrant leech is heavily wounded.
The tyrant leech bites you!!
You die...

≈## ########≈≈#+++#
#######≈≈≈....
......#≈≈≈≈.## ##
.⌠....#≈≈≈≈##. $##
∩.∩...#≈≈≈≈ .. ..
.∩.∩..#≈≈### .#. ###
∩.∩.∩.#≈##.###w###.##
...∩.∩#≈#.#.##@##...#
....∩.+≈+###'.<.÷.##+
.....∩#≈#.#.##.##...#
▓▓▓▓###≈##.###'###.##
G######≈≈####.).####
$ ##≈ #..#..# +
##...## ##+##


You could see a tyrant leech.

Vanquished Creatures
  A merfolk siren (D)
  A tyrant leech (D)
  2 hippogriffs (D)
  4 necrophages (D)
  A crocodile (D)
9 creatures vanquished.

Vanquished Creatures (others)
  Menkaure (D)
  A crocodile (D)
2 creatures vanquished.

Grand Total: 11 creatures vanquished

Notes
Turn   | Place    | Note
-------+----------+-------------------------------------------
     0 | D        | wojtek the Minotaur Berserker began the quest for the Orb.
     0 | D        | Reached XP level 1. HP: 19/19 MP: 0/0
     1 | D        | Noticed a tyrant leech
     1 | D        | Noticed a tyrant leech
     4 | D        | Noticed a necrophage
     4 | D        | Noticed a necrophage
     4 | D        | Noticed a necrophage
     4 | D        | Noticed a necrophage
    10 | D        | Killed a necrophage
    10 | D        | Reached skill level 5 in Fighting
    10 | D        | Reached skill level 7 in Maces & Flails
    10 | D        | Reached skill level 5 in Armour
    10 | D        | Reached XP level 2. HP: 30/30 MP: 1/1
    10 | D        | Reached XP level 3. HP: 37/37 MP: 2/2
    10 | D        | Reached XP level 4. HP: 44/44 MP: 3/3
    12 | D        | Killed a necrophage
    12 | D        | Reached skill level 8 in Maces & Flails
    12 | D        | Reached skill level 5 in Dodging
    12 | D        | Reached XP level 5. HP: 51/51 MP: 4/4
    17 | D        | Killed a necrophage
    17 | D        | Reached ** piety under Trog
    17 | D        | Reached skill level 9 in Maces & Flails
    20 | D        | Killed a necrophage
    20 | D        | Reached skill level 10 in Maces & Flails
    20 | D        | Reached XP level 6. HP: 60/60 MP: 5/5
    43 | D        | Killed Menkaure
   171 | D        | Noticed a merfolk siren
   177 | D        | Killed a merfolk siren
   177 | D        | Reached *** piety under Trog
   177 | D        | Reached skill level 12 in Maces & Flails
   177 | D        | Reached XP level 7. HP: 69/69 MP: 6/6
   211 | D        | Noticed a hippogriff
   211 | D        | Noticed a hippogriff
   215 | D        | Killed a hippogriff
   220 | D        | Killed a hippogriff
   220 | D        | Reached skill level 10 in Fighting
   220 | D        | Reached skill level 13 in Maces & Flails
   220 | D        | Reached XP level 8. HP: 78/78 MP: 7/7
   313 | D        | Found Rep Nuph's Armour Shop.
   314 | D        | Found Gafatsurph's Distillery.
   314 | D        | Found Jeusuot's Armour Shop.
   314 | D        | Found Kuqypt's Antique Armour Shop.
   314 | D        | Found Tiplomash's Jewellery Boutique.
   314 | D        | Found Zapsitsa's Magic Scroll Boutique.
   314 | D        | Found Kipinet's Jewellery Shop.
   314 | D        | Found Biugiezaut's Book Shop.
   315 | D        | Found Orin's Antique Armour Boutique.
   315 | D        | Found Luclufy's Antique Armour Shop.
   315 | D        | Found Rufaex's Gadget Boutique.
   315 | D        | Noticed a shining eye
   364 | D        | Killed a tyrant leech
   364 | D        | Reached **** piety under Trog
   364 | D        | Reached skill level 10 in Armour
   375 | D        | Slain by a tyrant leech

Skill      XL: |  1  2  3  4  5  6  7  8 |
---------------+-------------------------+-----
Fighting       | 5 6 8 9 10 | 10.5
Maces & Flails | 7 8 10 12 13 | 13.8
Armour         | 5 6 7 9 10 | 10.1
Dodging        | 4 5 6 8 9 |  9.3

Action                   |  1- 3 |  4- 6 |  7- 9 || total
-------------------------+-------+-------+-------++-------
Melee: Mace              |     5 |    13 |    28 ||    46
       Headbutt          |     2 |     6 |     5 ||    13
Invok: Berserk           |     1 |     1 |     2 ||     4
Armor: Animal skin       |     1 |       |     1 ||     2
Dodge: Dodged            |     1 |     5 |     7 ||    13
